 Dungeon Crawl Stone Soup version 0.24.0-123-gd5b16e6ec5 (webtiles) character file.

Game seed: 11724278918414850463, levelgen mode: deterministic

314 Descartes the Skirmisher (level 6, -2/48 HPs)
             Began as a Formicid Abyssal Knight on Dec 31, 2019.
             Was a Believer of Lugonu.
             Slain by a killer bee (7 damage)
             ... on level 4 of the Dungeon.
             The game lasted 00:08:48 (3692 turns).

Descartes the Skirmisher (Formicid Abyssal Knight)  Turns: 3692, Time: 00:08:49

Health: -2/48      AC: 10    Str: 23    XL:     6   Next: 72%
Magic:  8/8        EV:  4    Int: 17    God:    Lugonu [**....]
Gold:   144        SH: 14    Dex: 10    Spells: 7/7 levels left

rFire    . . .     SeeInvis +   a - +1 hand axe
rCold    . . .     Gourm    .   x - +0 large shield (curse)
rNeg     . . .     Faith    .   y - +0 chain mail
rPois    .         Spirit   .   (helmet unavailable)
rElec    .         Reflect  .   k - +0 cloak
rCorr    .         Harm     .   (no gloves)
MR       .....                  (no boots)
Stlth    ..........             (no amulet)
HPRegen  0.16/turn              i - ring of wizardry
MPRegen  0.11/turn              (no ring)

@: mighty, brilliant, lethally poisoned (-2 -> -12), flying
A: permanent stasis, dig shafts and tunnels, four strong arms, antennae 3
a: Dig, Shaft Self, Depart the Abyss, Bend Space, Renounce Religion


You were on level 4 of the Dungeon.
You worshipped Lugonu.
Lugonu was pleased with you.
You were not hungry.

You visited 1 branch of the dungeon, and saw 5 of its levels.
You visited the Abyss 2 times.

You collected 144 gold pieces.

Inventory:

Hand Weapons
 a - a +1 hand axe (weapon)
 b - a +0 hunting sling
 z - a +2 dagger of distortion
 D - a +0 war axe
Missiles
 l - 13 bolts
 r - 44 sling bullets
 t - 25 stones (quivered)
 w - 6 poisoned darts
Armour
 k - a +0 cloak (worn)
 x - a cursed +0 large shield (worn)
 y - a +0 chain mail (worn)
Magical Staves
 u - an uncursed staff of earth
Jewellery
 i - a ring of wizardry (left hand)
 C - an uncursed ring of protection from magic {unknown}
Scrolls
 d - a scroll of magic mapping {unknown}
 e - a scroll of random uselessness {unknown}
 g - a scroll of enchant weapon {unknown}
 j - a scroll of teleportation {unknown}
 m - 3 scrolls of remove curse {unknown}
 n - a scroll of fear {unknown}
 o - a scroll of blinking {unknown}
 p - 3 scrolls of immolation {unknown}
Potions
 f - a potion of brilliance
 h - a potion of might
Comestibles
 c - 6 rations


   Skills:
 + Level 4.2 Fighting
 + Level 3.0 Axes
 + Level 3.3 Armour
 - Level 1.6 Dodging
 + Level 2.0 Stealth
 * Level 2.6 Shields
 + Level 1.4 Spellcasting
 + Level 3.6 Invocations


You had 7 spell levels left.
You didn't know any spells.
Your spell library was empty.

Dungeon Overview and Level Annotations

Branches:
Dungeon (5/15)
 Temple: D:4-7

Altars:
Xom


Innate Abilities, Weirdness & Mutations

You cannot be hasted, slowed, berserked, paralysed or teleported.
You can dig through walls and to a lower floor.
Your four strong arms can wield two-handed weapons with a shield.
You have a pair of large antennae on your head. (SInv)


Message History

The killer bee stings you but does no damage.
You block the killer bee's attack.
Your shield and chain mail prevent you from hitting the killer bee.
The killer bee is heavily wounded.
You feel sick.
The killer bee stings you but does no damage.
You block the killer bee's attack. The killer bee stings you.
* * * LOW HITPOINT WARNING * * *
You are lethally poisoned!
The killer bee poisons you!
You slash the killer bee!
You kill the killer bee!
Lugonu accepts your kill.
Your Stealth skill increases to level 2!
* * * LOW HITPOINT WARNING * * *
You feel sick. You block the killer bee's attack. x2
You miss the killer bee.
* * * LOW HITPOINT WARNING * * *
You feel sick. The killer bee stings you!
You die...

#...........
#.....[.....
#..a........
#.>........
#?......##
#.......#
##{##...#{
##y#...#
#@## ..# ###
###


You could see a killer bee.

Vanquished Creatures
  2 killer bees (D:4)
  An orc priest (D:5)
  Natasha (thrice) (D:2)
  5 adders
  2 worms (D:2)
  A dart slug (D:3)
  A leopard gecko (D:2)
  7 orcs (D:3)
  7 bats
  10 giant cockroaches
  7 goblins
  2 hobgoblins
  7 jackals
  2 quokkas
  A frilled lizard (D:1)
  3 kobolds
  A quokka zombie (D:3)
  7 rats
69 creatures vanquished.

Notes
Turn   | Place    | Note
-------+----------+-------------------------------------------
     0 | Abyss:1  | Descartes the Formicid Abyssal Knight began the quest for
                  | the Orb.
     0 | Abyss:1  | Reached XP level 1. HP: 18/18 MP: 2/2
    57 | Abyss:1  | Found a corrupted altar of Lugonu.
    73 | Abyss:1  | Noticed an ancient zyme
    85 | D:1      | Escaped the Abyss
   144 | D:1      | Reached skill level 1 in Dodging
   167 | D:1      | Reached * piety under Lugonu
   334 | D:1      | Reached XP level 2. HP: 22/24 MP: 3/3
  1104 | D:2      | Reached XP level 3. HP: 29/29 MP: 4/4
  1365 | D:2      | Reached XP level 4. HP: 35/37 MP: 6/6
  1945 | D:2      | You fall into a shaft and drop 1 floor!
  1945 | D:3      | Found a shimmering altar of Xom.
  1964 | D:3      | Reached ** piety under Lugonu
  2110 | D:2      | Noticed Natasha
  2117 | D:2      | Killed Natasha
  2117 | D:2      | Reached XP level 5. HP: 33/42 MP: 7/7
  2236 | D:2      | Reached skill level 1 in Stealth
  2236 | D:2      | Reached skill level 1 in Shields
  2504 | D:2      | Noticed Natasha
  2517 | D:2      | Killed Natasha
  2636 | D:2      | Noticed Natasha
  2647 | D:2      | Killed Natasha
  2647 | D:2      | Reached skill level 4 in Fighting
  2647 | D:2      | Reached skill level 1 in Spellcasting
  2971 | D:3      | Cast into level 1 of the Abyss (kobold)
  2971 | Abyss:1  | Found a corrupted altar of Lugonu.
  3043 | Abyss:1  | Noticed an apocalypse crab
  3053 | D:3      | Escaped the Abyss
  3222 | D:3      | Reached XP level 6. HP: 48/48 MP: 8/8
  3290 | D:3      | Noticed an ogre
  3645 | D:3      | You fall into a shaft and drop 2 floors!
  3645 | D:5      | Entered Level 5 of the Dungeon
  3682 | D:4      | HP: 2/48 [poisoned by a killer bee]
  3692 | D:4      | Slain by a killer bee

Levels and vault maps discovered:
D:1:      minmay_arrival_plants_in_alcoves, layout_basic,
          serial_co_window_serial, co_window_paths_b, co_window_corner_a,
          co_window_cross_1, co_window_of_opportunity_a, co_window_corner_a,
          co_window_broadway_b, co_window_unsneaky_path_c,
          co_window_unsneaky_path_b, co_window_corner_b, glass_columns_a,
          glass_columns_c, glass_columns_a, eino_curves_04,
          kennysheep_minor_cross
D:2:      layout_basic, minmay_quantized, uniq_natasha
D:3:      layout_basic, brannock_xom_greatest_gift
D:4:      layout_basic, nicolae_dithmenos_the_darkroom,
          minmay_temple_entry_purple_smoke, minmay_quadrilaterals
D:5:      minmay_diamond_boxcup, layout_rooms, grunt_temple_overflow_diamond,
          first_ration, elyvilon_altar_1, uniq_crazy_yiuf_cottage

Skill      XL: |  1  2  3  4  5  6 |
---------------+-------------------+-----
Dodging        | 1 |  1.6
Invocations    | 3 |  3.6
Stealth        | 1 2 |  2.0
Shields        | 1 2 |  2.6
Armour         | 3 |  3.3
Fighting       | 4 |  4.2
Spellcasting   | 1 |  1.4
Axes           | 3 |  3.0

Action                   |  1- 3 |  4- 6 || total
-------------------------+-------+-------++-------
Melee: Hand axe          |    80 |   178 ||   258
Invok: Depart the Abyss  |     1 |     1 ||     2
 Abil: Dig               |       |     2 ||     2
  Use: Potion            |       |     6 ||     6
  Eat: Chunk             |     1 |     8 ||     9
Armor: Ring mail         |     3 |       ||     3
       Leather armour    |     1 |       ||     1
       Scale mail        |    37 |    54 ||    91
       Chain mail        |       |    44 ||    44
Dodge: Dodged            |    49 |    63 ||   112
Block: Large shield      |       |   100 ||   100
